 Dungeon Crawl Stone Soup version 0.22-a0-126-g307c7c3 (webtiles) character file.

151 Demitroll the Magician (level 5, -3/28 HPs)
             Began as a Deep Elf Ice Elementalist on Jan 30, 2018.
             Slain by Grinder (4 damage)
             ... while paralysed by Grinder
             ... on level 3 of the Dungeon.
             The game lasted 00:09:16 (1933 turns).

Demitroll the Magician (Deep Elf Ice Elementalist)  Turns: 1933, Time: 00:09:16

Health: -3/28      AC: 15    Str:  5    XL:     5   Next: 10%
Magic:  6/14       EV:  2    Int: 21    God:
Gold:   159        SH:  0    Dex: 15    Spells: 3/13 levels left

rFire    . . .     SeeInvis +   g - +2 dagger (protect)
rCold    . . .     Gourm    .   (no shield)
rNeg     . . .     Faith    +   a - +0 robe
rPois    .         Spirit   .   k - +2 helmet
rElec    .         Reflect  .   i - +1 cloak
rCorr    .         Harm     .   l - +0 pair of gloves
MR       .....                  p - +0 pair of boots (curse)
Stlth    ++........             f - amulet of faith
HPRegen  0.09/turn              h - ring of see invisible
MPRegen  0.14/turn              (no ring)

@: paralysed, icy armour, slow
A: no striking features
a: no special abilities


You were on level 3 of the Dungeon.
You were not hungry.

You visited 1 branch of the dungeon, and saw 3 of its levels.

You collected 159 gold pieces.

Inventory:

Hand Weapons
 g - a +2 dagger of protection (weapon)
Armour
 a - a +0 robe (worn)
 i - a +1 cloak (worn)
 k - a +2 helmet (worn)
 l - a +0 pair of gloves (worn)
 p - a cursed +0 pair of boots (worn)
Jewellery
 f - an amulet of faith (around neck)
 h - a ring of see invisible (left hand)
 u - an uncursed ring of flight
Scrolls
 e - 2 scrolls of teleportation
 m - 5 scrolls of remove curse
 n - a scroll of random uselessness
 t - a scroll of identify
Potions
 j - 2 potions of cancellation
 o - a potion of magic {unknown}
 r - 2 potions of lignification
Books
 b - a book of Frost

   Spells                             Type                      Level
   a - Freeze                         Ice                          1
   b - Throw Frost                    Conjuration/Ice              2
   c - Ozocubu's Armour               Charms/Ice                   3
   d - Throw Icicle                   Conjuration/Ice              4
   e - Summon Ice Beast               Ice/Summoning                4
Comestibles
 c - 5 rations


   Skills:
 * Level 4.0 Dodging
 + Level 2.6 Stealth
 * Level 4.8 Spellcasting
 + Level 1.1 Conjurations
 + Level 4.5 Ice Magic


You had 3 spell levels left.
You knew the following spells:

 Your Spells              Type           Power        Failure   Level  Hunger
a - Freeze                Ice            ###.         1%          1    None
b - Throw Frost           Conj/Ice       ###...       5%          2    None
c - Ozocubu's Armour      Chrm/Ice       ##......     13%         3    ##.....
d - Throw Icicle          Conj/Ice       ###.....     34%         4    ####...


Dungeon Overview and Level Annotations

Branches:
Dungeon (3/15)

Altars:
Makhleb

Annotations:
D:3 Grinder


Message History

Casting: Throw Frost (safe; 5% risk of failure)
Confirm with . or Enter, or press ? or * to list all spells.
Aiming: Throw Frost (safe; 5% risk of failure)
Press: ? - help, Shift-Dir - straight line, f/p - Grinder
Aim: Grinder The puff of frost hits Grinder.
Grinder completely resists.
Grinder gestures at you.
You suddenly lose the ability to move!
Grinder blinks!
A worm comes into view.
Grinder hits you.
You writhe in agony.
Grinder gestures at you. Pain shoots through your body!
Grinder gestures at you. Pain shoots through your body!
* * * LOW HITPOINT WARNING * * *
Grinder hits you.
* * * LOW HITPOINT WARNING * * *
You writhe in agony.
You die...

##### #...# #...# ### #...# ..#
#### #...##### ..##### .%%#
#.......< ..#...# #w. #...#####
..'...+ ...##.5#########.#######
..#.†.# .......@................
..'<..+ .#.##..#########.#.#####
#.#..)### #... #.#.# ..#.....#
...#.# #.#.# #.#.#.#.# #####..#
#.#.# ..#.#.#.# ....#######.#.##
###.#)#.########.............####
# #.#.#...............####...#...
# #.#............#....# #...#...


You could see Grinder and a worm.

Vanquished Creatures
  Natasha (twice) (D:3)
  3 adders (D:3)
  An ooze (D:1)
  3 dart slugs
  A leopard gecko (D:2)
  6 orcs (D:3)
  11 bats
  3 giant cockroaches
  4 goblins
  6 hobgoblins
  5 jackals
  A quokka (D:3)
  A frilled lizard (D:1)
  4 kobolds
  4 rats
55 creatures vanquished.

Notes
Turn   | Place    | Note
-------+----------+-------------------------------------------
     0 | D:1      | Demitroll the Deep Elf Ice Elementalist began the quest for the Orb.
     0 | D:1      | Reached XP level 1. HP: 10/10 MP: 6/6
   231 | D:1      | Reached XP level 2. HP: 15/15 MP: 6/8
   370 | D:1      | Learned a level 2 spell: Throw Frost
   422 | D:1      | Reached XP level 3. HP: 16/19 MP: 10/10
   889 | D:2      | Learned a level 3 spell: Ozocubu's Armour
  1473 | D:3      | Noticed Natasha
  1475 | D:3      | Reached XP level 4. HP: 24/24 MP: 10/12
  1494 | D:3      | Killed Natasha
  1569 | D:3      | Learned a level 4 spell: Throw Icicle
  1635 | D:3      | Noticed Natasha
  1642 | D:3      | Killed Natasha
  1659 | D:3      | Found a burning altar of Makhleb.
  1676 | D:3      | Reached XP level 5. HP: 28/28 MP: 4/13
  1917 | D:3      | Noticed Grinder
  1928 | D:3      | Paralysed by Grinder for 6 turns
  1933 | D:3      | HP: 1/28 [Grinder (2)]
  1933 | D:3      | Slain by Grinder

Vault maps used:
D:1:      erik_arrival_triangle_small, minmay_misc_feat_five
D:3:      old_standard_altar, first_ration, uniq_natasha, uniq_grinder

Skill      XL: |  1  2  3  4 |
---------------+-------------+-----
Spellcasting   | 4 |  4.8
Ice Magic      | 4 |  4.5
Dodging        | 3 4 |  4.0
Stealth        | |  2.6
Conjurations   | |  1.1

Action                   |  1- 3 |  4- 6 || total
-------------------------+-------+-------++-------
Melee: Unarmed           |     6 |       ||     6
       Dagger            |    40 |    30 ||    70
 Cast: Freeze            |    43 |    22 ||    65
       Throw Frost       |     9 |     8 ||    17
       Ozocubu's Armour  |       |     3 ||     3
  Use: Potion            |     1 |     1 ||     2
       Scroll            |     8 |     2 ||    10
 Stab: Sleeping          |     6 |     1 ||     7
  Eat: Ration            |     1 |       ||     1
Armor: Robe              |    30 |    19 ||    49
Dodge: Dodged            |    84 |    27 ||   111

Table legend:
 A = Spawn XP
 B = Non-spawn XP
 C = Spawn XP percentage of total XP
 D = Spawn monster count
 E = Non-spawn monster count
 F = Spawn count percentage of total count
 G = Total turns spent on level
                    A         B        C        D         E        F      G
               +---------+---------+-------+---------+---------+-------+---------
         Total |       0 |     216 |   0.0 |       0 |      55 |   0.0 |  1933
               +---------+---------+-------+---------+---------+-------+---------
           D:1 |       0 |      46 |   0.0 |       0 |      22 |   0.0 |   861
           D:2 |       0 |      25 |   0.0 |       0 |      13 |   0.0 |   444
           D:3 |       0 |     145 |   0.0 |       0 |      20 |   0.0 |   628
               +---------+---------+-------+---------+---------+-------+---------
